 Dungeon Crawl Stone Soup version 0.29.1-12-g30fa7ad0bf (webtiles) character file.

Game seed: 17786357945180371557

144 lmSkywalker the Digger (level 5, 0/28 HPs)
             Began as a Gargoyle Earth Elementalist on Jan 16, 2023.
             Slain by an orc
             ... wielding a +0 flail
              (6 damage)
             ... on level 3 of the Dungeon.
             The game lasted 00:08:19 (2284 turns).

lmSkywalker the Digger (GrEE)                       Turns: 2284, Time: 00:08:20

Health: 0/28       AC:  6    Str: 12    XL:     5   Next: 26%
Magic:  6/9        EV: 12    Int: 22    God:
Gold:   101        SH:  0    Dex: 10    Spells: 3/9 levels left

rFire   x . .      SeeInvis +   d - +0 sling
rCold   . . .      Faith    .   r - orb {mayhem}
rNeg    + . .      Spirit   .   a - +0 robe
rPois   ∞          Reflect  .   (no helmet)
rElec   +          Harm     .   (no cloak)
rCorr   +          Rampage  .   (no gloves)
Will    .....                   (no boots)
Stlth   ++........              (no amulet)
HPRegen 0.09/turn               n - ring of Qazlal's Inspiration {rF- rCorr Int+5 SInv}
MPRegen 0.11/turn               (no ring)

@: no status effects
A: sickness immunity, AC +4, negative energy resistance 1, electricity
resistance, torment resistance 1, petrification resistance
a: no special abilities


You were on level 3 of the Dungeon.
You visited 1 branch of the dungeon, and saw 3 of its levels.

You collected 101 gold pieces.

Inventory:

Hand Weapons
 d - a +0 sling (weapon)
 f - a +0 dagger
 i - a +0 whip
 p - a +2 dagger of speed
Armour
 a - a +0 robe (worn)
 e - a +0 leather armour
 r - an orb of mayhem (worn)
Jewellery
 n - the ring of Qazlal's Inspiration (left hand) {rF- rCorr Int+5 SInv}
   (You found it on level 2 of the Dungeon)

   [ring of resist corrosion]

   Int:       It affects your intelligence (+5).
   rF:        It makes you vulnerable to fire.
   SInv:      It lets you see invisible.
   rCorr:     It protects you from acid and corrosion.
Scrolls
 c - a scroll of noise {unknown}
 h - 2 scrolls of teleportation
 k - a scroll of torment {unknown}
 l - 2 scrolls of identify {unknown}
 q - a scroll of poison {unknown}
Potions
 b - 2 potions of magic
 g - 2 potions of berserk rage {unknown}
 j - 2 potions of brilliance {unknown}
 m - a potion of degeneration {unknown}
 o - a potion of attraction {unknown}
 s - a potion of haste {unknown}
 t - a potion of curing {unknown}


   Skills:
 - Level 1.9 Dodging
 + Level 3.3 Stealth
 + Level 2.7 Spellcasting
 + Level 1.6 Conjurations
 + Level 1.8 Transmutations
 + Level 4.5 Earth Magic


You had 3 spell levels left.
You knew the following spells:

 Your Spells              Type           Power      Damage    Failure   Level
a - Sandblast             Erth           44%        2d11      1%          1
b - Passwall              Tmut/Erth      14%        N/A       5%          2
c - Stone Arrow           Conj/Erth      32%        3d9       11%         3

Your spell library contained the following spells:

 Spells                   Type           Power      Damage    Failure   Level
 Foxfire                  Conj/Fire      24%        2x1d5     9%          1
 Ensorcelled Hibernation  Hex/Ice        6%         N/A       19%         2
 Conjure Flame            Conj/Fire      6%         6-21      26%         3
 Spider Form              Tmut/Pois      7%         N/A       26%         3
 Inner Flame              Hex/Fire       3%         N/A       36%         3
 Petrify                  Tmut/Erth      17%        N/A       34%         4
 Flame Wave               Conj/Fire      6%         2d5       65%         4
 Anguish                  Hex/Necr       1%         N/A       77%         4


Dungeon Overview and Level Annotations

Branches:
Dungeon (3/15)

Altars:

Shops:
D:3 =


Innate Abilities, Weirdness & Mutations

You are immune to sickness and miasma.
Your stone body is resilient. (AC +4)
You are immune to poison.
You resist negative energy. (rN+)
You are resistant to electric shocks. (rElec)
You are resistant to unholy torment.
You are immune to petrification.


Message History

You shoot a sling bullet. The sling bullet hits the orc.
The orc is moderately wounded.
The orc misses you. The orc completely misses you.
The orc hits you with a +0 flail. x2
You shoot a sling bullet.
The sling bullet hits the orc but does no damage.
The orc is moderately wounded.
The orc hits you with a +0 flail. The orc closely misses you.
You shoot a sling bullet.
The sling bullet hits the orc but does no damage.
The orc is moderately wounded.
The orc hits you with a +0 flail. x2; The orc hits you with a +0 flail!
The orc hits you but does no damage.
Casting: Sandblast (safe; 1% risk of failure)
Confirm with . or Enter, or press ? or * to list all spells.
Aiming: Sandblast (safe; 1% risk of failure)
Press: ? - help, Shift-Dir - straight line, f/p - orc
Aim: an orc, wielding a +0 flail and wearing a +0 chain mail (moderately wounded, 87% to hit)
The blast of sand hits the orc but does no damage.
The orc is moderately wounded.
The orc barely misses you. The orc closely misses you.
Casting: Sandblast (safe; 1% risk of failure)
Confirm with . or Enter, or press ? or * to list all spells.
Aiming: Sandblast (safe; 1% risk of failure)
Press: ? - help, Shift-Dir - straight line, f/p - orc
Aim: an orc, wielding a +0 flail and wearing a +0 chain mail (moderately wounded, 87% to hit)
The blast of sand hits the orc but does no damage.
The orc is moderately wounded.
The orc hits you but does no damage. The orc closely misses you. x2
The orc hits you with a +0 flail.
* * * LOW HITPOINT WARNING * * *
Casting: Sandblast (safe; 1% risk of failure)
Confirm with . or Enter, or press ? or * to list all spells.
Aiming: Sandblast (safe; 1% risk of failure)
Press: ? - help, Shift-Dir - straight line, f/p - orc
Aim: an orc, wielding a +0 flail and wearing a +0 chain mail (moderately wounded, 87% to hit)
The blast of sand hits the orc.
The orc is heavily wounded.
The orc hits you with a +0 flail.
You die...

## .# .# .# ##########.#
####...........
#.......#.##...
..†########.......#.##∩##
......)o@.........+..#...
......#o..........####.#.
#.... #....>...........#.
#... #....########....#.
#.. #....# #...... #.
#....# #....#. # #....#
#....#. ##...# #.....#.
#...# #....###


You could see 2 orcs.

Vanquished Creatures
  Natasha (D:3)
  An orc wizard (D:3)
  3 adders
  4 dart slugs
  5 bats
  5 endoplasms
  A giant cockroach (D:2)
  5 goblins
  7 hobgoblins
  4 jackals (D:2)
  5 kobolds
  3 quokkas
  7 ball pythons
  6 frilled lizards
  3 rats
60 creatures vanquished.

Notes
Turn   | Place    | Note
-------+----------+-------------------------------------------
     0 | D:1      | lmSkywalker the Gargoyle Earth Elementalist began the quest
                  | for the Orb.
     0 | D:1      | Reached XP level 1. HP: 10/10 MP: 3/3
   206 | D:1      | Reached skill level 1 in Transmutations
   206 | D:1      | Reached XP level 2. HP: 14/15 MP: 1/5
   706 | D:1      | Reached XP level 3. HP: 11/19 MP: 3/6
   839 | D:1      | Learned a level 2 spell: Passwall
   844 | D:1      | Learned a level 3 spell: Stone Arrow
   966 | D:1      | Reached skill level 4 in Earth Magic
  1353 | D:2      | Identified the ring of Qazlal's Inspiration {rF- rCorr
                  | Int+5 SInv}
  1630 | D:2      | Reached XP level 4. HP: 24/24 MP: 2/7
  1737 | D:2      | Reached skill level 1 in Conjurations
  2139 | D:3      | Found Vawnu's Jewellery Emporium.
  2158 | D:3      | Noticed Natasha
  2164 | D:3      | Killed Natasha
  2165 | D:3      | Reached XP level 5. HP: 28/28 MP: 4/9
  2284 | D:3      | Slain by an orc

Illustrated notes

Levels and vault maps discovered:
D:1:      co_arrival_square_in_a_square_in_a_square, layout_basic
D:2:      layout_rooms
D:3:      layout_basic, serial_shops, shop, minmay_misc_feat_four_crosses,
          uniq_natasha

Skill      XL: |  1  2  3  4 |
---------------+-------------+-----
Transmutations | 1 |  1.8
Earth Magic    | 4 |  4.5
Conjurations   | 1 |  1.6
Stealth        | 3 |  3.3
Dodging        | |  1.9
Spellcasting   | |  2.7

Action                   |  1- 3 |  4- 6 || total
-------------------------+-------+-------++-------
 Fire: Sling             |   119 |    45 ||   164
 Cast: Sandblast         |    30 |    19 ||    49
  Use: Scroll            |       |     1 ||     1
Armor: Robe              |    33 |    10 ||    43
Dodge: Dodged            |    66 |    29 ||    95
